[Event "*** Titled Tuesday Blitz"]
[Site "Chess.com"]
[Date "2020.03.03"]
[Round "1"]
[White "vpantev"]
[Black "czasnaszachy"]
[Result "1-0"]
[WhiteElo "2623"]
[BlackElo "2247"]
[TimeControl "180+1"]
[EndTime "13:06:28 PST"]
[Termination "vpantev won by resignation"]

1. d4 Nf6 2. Nf3 e6 3. Bf4 c5 4. e3 d5 5. Nbd2 Bd6 6. Bg3 O-O 7. Be2 b6 8. O-O Nc6 9. c4 cxd4 10. cxd5 Nxd5 11. Bxd6 Qxd6 12. Ne4 Qd8 13. Nxd4 Nxd4 14. Qxd4 Bb7 15. Rfd1 Qe7 16. Ng3 Qf6 17. Bf3 Qxd4 18. Rxd4 Rac8 19. Rd2 Rc5 20. Rad1 g6 21. Ne4 Rc7 22.
Nd6 Ba8 23. Nb5 Re7 24. Bxd5 Bxd5 25. Nc3 Bc6 26. f3 Kg7 27. Kf2 Rc8 28. e4 Rec7 29. e5 Kf8 30. Rd8+ Rxd8 31. Rxd8+ Ke7 32. Rd4 h5 33. h4 Rd7 34. Rxd7+ Kxd7 35. Ke3 Ke7 36. g3 Kd7 37. a3 Kc7 38. Ne2 Kd7 39. g4 hxg4 40. fxg4 Ke7 41. Kf4 f6 42. Nd4 Bd5 43.
Nb5 a6 44. Nc3 Bc6 45. h5 gxh5 46. gxh5 Kf7 47. Ne2 f5 48. Kg5 Kg7 49. h6+ Kh7 50. Nf4 Bd7 51. Nh5 Bc8 52. Nf6+ Kh8 53. Ne8 Kh7 54. Nd6 Bd7 55. Nc4 b5 56. Nd6 f4 57.
Kxf4 Kxh6 58. Ne4 Kg7 59. Nc5 Bc8 60. Kg5 Kf7 61. b4 Ke7 62. Kf4 Kf7 63. Ne4 Bb7 64.
Nd6+ Ke7 65. Nxb7 Kd7 66. Nc5+ 1-0

[Event "*** Titled Tuesday Blitz"]
[Site "Chess.com"]
[Date "2020.03.03"]
[Round "1"]
[White "novocane"]
[Black "vpsetter"]
[Result "0-1"]
[WhiteElo "2151"]
[BlackElo "2588"]
[TimeControl "180+1"]
[EndTime "13:06:28 PST"]
[Termination "vpsetter won on time"]

1. d4 Nf6 2. c4 e6 3. Nc3 Bb4 4. e3 O-O 5. Ne2 d5 6. a3 Bd6 7.
Nf4 dxc4 8. Bxc4 Bxf4 9. exf4 Nc6 10. Be3 Ne7 11. O-O Bd7 12. Qc2 Bc6 13. Rae1 Nf5 14. Qd2 Nh4 15. f3 Nf5 16. Rf2 Qd7 17. Rfe2 Rad8 18. Rd1 Nd5 19. Bf2 Nxc3 20. bxc3 Bb5 21. Bxb5 Qxb5 22. Rde1 c5 23. Re5 Qc6 24. Rxc5 Qxc5 25.
dxc5 Rxd2 0-1

[Event "*** Titled Tuesday Blitz"]
[Site "Chess.com"]
[Date "2020.03.03"]
[Round "1"]
[White "PNEPaul"]
[Black "talman67"]
[Result "1-0"]
[WhiteElo "1922"]
[BlackElo "2528"]
[TimeControl "180+1"]
[EndTime "13:06:28 PST"]
[Termination "PNEPaul won by resignation"]

1. e4 e5 2. Nf3 Nc6 3. Bc4 Bc5 4. b4 Bxb4 5. c3 Ba5 6. d4 b5 7. Bxb5 Nxd4 8. Nxd4 exd4 9. Qxd4 Qf6 10. e5 Qb6 11.
Qd3 Ne7 12. Ba3 Qe6 13. O-O Qd5 14. Qe2 Bb7 15. f3 Qe6 16. Bc4 Bd5 17. Bxd5 Nxd5 18. c4 Nf4 19. Qe4 Ne2+ 20. Qxe2 Bb4 21. Bxb4 Qb6+ 22. Kh1 Qxb4 23. Nd2 O-O 24. Ne4 Rfe8 25. f4 Rab8 26. Rad1 d6 27. Ng5 dxe5 28. Qh5 Re7 29. Qxh7+ 1-0

[Event "*** Titled Tuesday Blitz"]
[Site "Chess.com"]
[Date "2020.03.03"]
[Round "1"]
[White "vladislavkovalev"]
[Black "kleopl"]
[Result "1-0"]
[WhiteElo "2908"]
[BlackElo "2486"]
[TimeControl "180+1"]
[EndTime "13:06:29 PST"]
[Termination "vladislavkovalev won by resignation"]

1. e4 c6 2. d4 d5 3. exd5 cxd5 4.
Bd3 Nc6 5. c3 Nf6 6. h3 e5 7.
dxe5 Nxe5 8. Nf3 Nxd3+ 9. Qxd3 Be7 10. O-O O-O 11. Bg5 Qb6 12. Qc2 h6 13. Be3 Qc7 14. Nbd2 Rd8 15. Nd4 a6 16. Rae1 Bd6 17. Nf5 Bf8 18. Bd4 Nh7 19. Nf3 Qf4 20. Ng3 Ng5 21. Nxg5 Qxg5 22. Re5 Qg6 23. Qxg6 fxg6 24. Rfe1 b5 25.
a3 Bb7 26. Re6 Kh7 27. Re7 Bc8 28. Rc7 Rd7 29. Rxd7 Bxd7 30. Re5 Bc6 31. Re6 Rc8 32. Ne2 g5 33. Nc1 Kg8 34. Nd3 a5 35. Ne5 Be8 36.
Ra6 a4 37. Ra7 Rd8 38. f3 Rc8 39. Kf2 Rd8 40. Ke3 Rc8 41. Nd7 Bxd7 42. Rxd7 Re8+ 43. Kd2 1-0

[Event "*** Titled Tuesday Blitz"]
[Site "Chess.com"]
[Date "2020.03.03"]
[Round "1"]
[White "Jbd735"]
[Black "Msb2"]
[Result "0-1"]
[WhiteElo "2472"]
[BlackElo "2865"]
[TimeControl "180+1"]
[EndTime "13:06:29 PST"]
[Termination "Msb2 won on time"]

1. e4 e6 2. d4 d5 3. Nc3 Nf6 4. Bg5 dxe4 5. Nxe4 Be7 6. Bxf6 Bxf6 7. Nf3 Nd7 8. Bd3 c5 9. Nxf6+ Nxf6 10. dxc5 Qa5+ 11. c3 Qxc5 12. O-O O-O 13. Qe2 b6 14. Ne5 Bb7 15.
Rfe1 Rad8 16. Rad1 Rd5 17. c4 Rd4 18. b4 Qd6 19.
Bc2 Rxd1 20. Rxd1 Qxb4 21. g4 h6 22. h4 Qc3 23. f3 g6 24. g5 hxg5 25. hxg5 Ne4 26.
Nxg6 Nxg5 27. Ne7+ Kg7 28. Qg2 Qf6 0-1

[Event "*** Titled Tuesday Blitz"]
[Site "Chess.com"]
[Date "2020.03.03"]
[Round "1"]
[White "RiskyDecision"]
[Black "VFernandezB"]
[Result "1-0"]
[WhiteElo "2631"]
[BlackElo "2253"]
[TimeControl "180+1"]
[EndTime "13:06:29 PST"]
[Termination "RiskyDecision won by checkmate"]

1. d4 Nf6 2. c4 g6 3. g3 d5 4.
cxd5 Nxd5 5. e4 Nb6 6. Bg2 Bg7 7. Ne2 O-O 8. O-O Nc6 9. d5 Ne5 10. f4 Nec4 11. Nbc3 e6 12. b3 Nd6 13. e5 Ne8 14. dxe6 Bxe6 15. Bxb7 Rb8 16. Qxd8 Rxd8 17. Be3 f6 18.
Nd4 Bh3 19. Bg2 Bxg2 20. Kxg2 fxe5 21. Ne6 Rd3 22. Bxb6 cxb6 23. Nxf8 Rxc3 24. Ne6 Rc2+ 25. Rf2 Rxf2+ 26. Kxf2 exf4 27. Nxg7 fxg3+ 28. hxg3 Kxg7 29. Rd1 Nf6 30. Rc1 Nd5 31. Kf3 h5 32. Ke4 Nf6+ 33.
Ke5 Ng4+ 34. Kf4 Kh6 35. Rc7 g5+ 36. Kf5 Ne3+ 37. Ke4 Nf1 38. Kf3 g4+ 39. Kf2 Nd2 40.
Rxa7 Ne4+ 41. Kg2 Kg5 42. Rb7 Nc3 43. a4 Na2 44. Rxb6 Nc3 45. a5 h4 46. gxh4+ Kxh4 47. a6 Nd5 48. Rb8 Ne3+ 49. Kg1 Kg3 50. a7 Nf5 51. a8=Q Nd4 52. Rg8 Nf3+ 53. Kf1 Nd2+ 54. Ke2 Nf3 55. Qe4 Ng1+ 56. Kf1 Nf3 57. Qxg4+ Kh2 58. Rh8+ Nh4 59. Rxh4# 1-0

[Event "*** Titled Tuesday Blitz"]
[Site "Chess.com"]
[Date "2020.03.03"]
[Round "1"]
[White "saikrishnaReturns"]
[Black "Bad4life"]
[Result "1-0"]
[WhiteElo "2636"]
[BlackElo "2266"]
[TimeControl "180+1"]
[EndTime "13:06:33 PST"]
[Termination "saikrishnaReturns won on time"]

1. e4 c5 2. Nf3 g6 3. h4 Nf6 4. e5 Ng4 5. h5 Bg7 6. d4 cxd4 7. Qxd4 Nxe5 8. Nxe5 Qa5+ 9. Nc3 Qxe5+ 10. Qxe5 Bxe5 11. Nd5 e6 12. f4 Bd6 13. Nf6+ Ke7 14. Ne4 Bb4+ 15. c3 Ba5 16. b4 Bc7 17. b5 a6 18.
c4 axb5 19. hxg6 fxg6 20. Bb2 e5 21. cxb5 Ra4 22. Nc3 Rxf4 23. Nd5+ Kd8 24. Nxf4 Ba5+ 25. Kf2 Rf8 26. Bxe5 g5 27. Bxb8 gxf4 28. Rxh7 Bb6+ 29. Kf3 Bd4 30. Rd1 Be3 31. Bd6 Re8 32. Bc4 b6 33.
Bd5 1-0

[Event "*** Titled Tuesday Blitz"]
[Site "Chess.com"]
[Date "2020.03.03"]
[Round "1"]
[White "SHIVACalypso"]
[Black "TST2014"]
[Result "0-1"]
[WhiteElo "2185"]
[BlackElo "2593"]
[TimeControl "180+1"]
[EndTime "13:06:34 PST"]
[Termination "TST2014 won by resignation"]

1. Nf3 Nf6 2. c4 g6 3. g3 Bg7 4. Bg2 O-O 5. O-O c6 6. d4 d5 7.
cxd5 cxd5 8. Ne5 e6 9. Nc3 Nfd7 10. Nxd7 Bxd7 11. e4 dxe4 12. Bxe4 Bc6 13. d5 exd5 14.
Nxd5 Nd7 15. Qc2 Rc8 16. Nc3 Bxe4 17. Qxe4 Nc5 18. Qb4 b6 19. Be3 Nd3 20. Qb3 Nxb2 21.
Rac1 Nd3 22. Rc2 Qc7 23. Rd1 Rfd8 24. Bd2 Qc5 25. Be3 Qc4 26. Qxc4 Rxc4 27. Bd2 Rdc8 28. Kf1 Bxc3 29. Bxc3 Rxc3 30. Rxd3 Rxc2 0-1

[Event "*** Titled Tuesday Blitz"]
[Site "Chess.com"]
[Date "2020.03.03"]
[Round "1"]
[White "MatthewG-p4p"]
[Black "rubhani"]
[Result "0-1"]
[WhiteElo "2786"]
[BlackElo "2438"]
[TimeControl "180+1"]
[EndTime "13:06:36 PST"]
[Termination "rubhani won by resignation"]

1. e4 c5 2. Nf3 d6 3. d4 cxd4 4.
Qxd4 Nf6 5. Nc3 Nc6 6. Bb5 Bd7 7.
Bxc6 Bxc6 8. Bg5 e6 9. O-O-O Be7 10. Qd3 Qa5 11. h4 O-O 12. Nd4 Rfc8 13. f4 h6 14. g4 b5 15. a3 b4 16. axb4 Qxb4 17.
f5 Rab8 18. Nb3 hxg5 19. hxg5 Nxe4 20. Qh3 Bxg5+ 21. Kb1 Bh6 22. fxe6 fxe6 23. Rhe1 Nxc3+ 24. bxc3 Qa3 25. c4 Ba4 26. Rd3 Rxc4 27. g5 Bxb3 28. cxb3 Ra4 29. Qxe6+ Kh8 30. Rc3 Qa2+ 31. Kc1 Bxg5+ 0-1

[Event "*** Titled Tuesday Blitz"]
[Site "Chess.com"]
[Date "2020.03.03"]
[Round "1"]
[White "atbenina64"]
[Black "DrMelekess"]
[Result "0-1"]
[WhiteElo "2376"]
[BlackElo "2732"]
[TimeControl "180+1"]
[EndTime "13:06:39 PST"]
[Termination "DrMelekess won on time"]

1. Nf3 Nf6 2. c4 c6 3. g3 g6 4. Bg2 Bg7 5. O-O O-O 6. b3 Ne4 7. d4 d5 8. Bb2 Bf5 9. Nbd2 Nd7 10. Nh4 e6 11. Nxf5 exf5 12. f3 Nxd2 13. Qxd2 Re8 14. Rae1 Nf6 15. Qd3 Qe7 16. Bc1 a5 17. Bf4 a4 18. c5 axb3 19. Qxb3 Nh5 20. Bd6 Bxd4+ 21. e3 Bxe3+ 22. Kh1 Qe6 23. Qxb7 d4 24. Qxc6 Rxa2 25. f4 Nf6 26. Bf3 Rc2 27. Qa4 Rd2 28.
Be5 Ng4 29. Bxg4 fxg4 0-1

[Event "*** Titled Tuesday Blitz"]
[Site "Chess.com"]
[Date "2020.03.03"]
[Round "1"]
[White "norwaytoadog"]
[Black "mitrabhaa"]
[Result "0-1"]
[WhiteElo "2264"]
[BlackElo "2633"]
[TimeControl "180+1"]
[EndTime "13:06:40 PST"]
[Termination "mitrabhaa won on time"]

1. e4 c5 2. Nf3 d6 3. Bb5+ Bd7 4. Bxd7+ Qxd7 5. O-O Nc6 6. Qe2 g6 7. Rd1 Bg7 8. c3 e6 9. d4 cxd4 10. cxd4 Nge7 11.
Nc3 d5 12. e5 O-O 13. Bf4 Rac8 14. Qd2 Na5 15. b3 Rc7 16. Ne2 b6 17. Bh6 Rfc8 18. Qg5 Nf5 19. Bxg7 Nxg7 20. g4 Nc6 21. Qh6 Ne8 22. Nf4 f6 23. exf6 Nxf6 24. h3 Ne4 25. Ne5 Nxe5 26. dxe5 Rf8 27. Rac1 Rc5 28. b4 Rxc1 29. Rxc1 Qf7 30. Nd3 Nxf2 0-1

[Event "*** Titled Tuesday Blitz"]
[Site "Chess.com"]
[Date "2020.03.03"]
[Round "1"]
[White "Carnivoras"]
[Black "kasparicy"]
[Result "1-0"]
[WhiteElo "2692"]
[BlackElo "2337"]
[TimeControl "180+1"]
[EndTime "13:06:41 PST"]
[Termination "Carnivoras won by resignation"]

1. d4 Nf6 2. Nf3 g6 3. Bg5 Bg7 4. Nbd2 d5 5. e3 O-O 6. Bd3 b6 7. O-O Bb7 8. Qe2 c5 9. c3 Nbd7 10. h3 Re8 11. Rad1 e5 12. dxe5 Nxe5 13. Bb5 Nc6 14.
Rfe1 a6 15. Bd3 d4 16. cxd4 cxd4 17. Ne4 Nxe4 18. Bxd8 Raxd8 19. exd4 Nd6 20. Qf1 Rxe1 21. Rxe1 Nxd4 22. Nxd4 Bxd4 23. Bxa6 Ba8 24. Rd1 Ne4 25. Kh2 Be5+ 26. g3 Re8 27. Qb5 Nf6 28. Qxb6 Kg7 29.
Bb7 Rb8 30. Qe3 Bxg3+ 31. fxg3 Rxb7 32. Rd2 Rb5 33. Qc3 Rc5 34. Qxc5 1-0

[Event "*** Titled Tuesday Blitz"]
[Site "Chess.com"]
[Date "2020.03.03"]
[Round "1"]
[White "Vegan4future"]
[Black "j2806"]
[Result "1-0"]
[WhiteElo "2549"]
[BlackElo "1974"]
[TimeControl "180+1"]
[EndTime "13:06:41 PST"]
[Termination "Vegan4future won by resignation"]

1. e4 c5 2. Nf3 d6 3. Bb5+ Bd7 4. Bxd7+ Qxd7 5. O-O Nc6 6. c4 Nf6 7. Re1 e6 8. d4 cxd4 9. Nxd4 Be7 10. Nc3 O-O 11. b3 a6 12. Bb2 Rfd8 13. Rc1 Rac8 14. Nc2 Bf8 15. Qe2 Qc7 16. h3 Qb8 17. Rcd1 d5 18.
exd5 exd5 19. Nxd5 Nxd5 20. cxd5 Nb4 21. Ne3 Rc5 22.
Qf3 Nc2 23. Nxc2 Rxc2 24. Re2 Rxe2 25. Qxe2 Qd6 26. Qg4 Qc5 27. Qg5 Qe7 28. Qxe7 Bxe7 29. Be5 f6 30. Bf4 Bd6 31. Be3 Kf7 32. Kf1 Ke7 33.
Ke2 Be5 34. f4 Bd6 35. Kf3 Kd7 36. g4 Re8 37. Rc1 Rc8 38. Rxc8 Kxc8 39. Ke4 Kd7 40. h4 Ke7 41. h5 g6 42. hxg6 hxg6 43. f5 g5 44. Bd4 Kf7 45. Kd3 Be7 46. Kc4 Ke8 47.
Bc5 Kd7 48. Bxe7 Kxe7 49. Kc5 Kd7 50. a4 Kc7 51. a5 Kd7 52. d6 Kc8 53. Kb6 Kd7 54.
Kxb7 Kxd6 55. Kxa6 Ke5 56. b4 Kf4 57. b5 Kxg4 58.
b6 Kxf5 59. b7 g4 60. b8=Q Kg5 61. Kb5 f5 62. a6 f4 63. a7 1-0

[Event "*** Titled Tuesday Blitz"]
[Site "Chess.com"]
[Date "2020.03.03"]
[Round "1"]
[White "IMTominho"]
[Black "ChesterF"]
[Result "1-0"]
[WhiteElo "2812"]
[BlackElo "2432"]
[TimeControl "180+1"]
[EndTime "13:06:42 PST"]
[Termination "IMTominho won on time"]

1. d4 Nf6 2. c4 e6 3. Nf3 d5 4.
Nc3 a6 5. cxd5 exd5 6. Bg5 Be6 7.
Bxf6 Qxf6 8. Qb3 Ra7 9. e3 Qd8 10. Bd3 c6 11. O-O Bd6 12. Qc2 h6 13. e4 dxe4 14. Nxe4 O-O 15. Rfe1 Be7 16. Nc5 Bd5 17. Bh7+ Kh8 18. Be4 b6 19. Nd3 Bf6 20. Rad1 a5 21. h3 Na6 22. a3 Nc7 23. Nde5 Qd6 24. Nxc6 Raa8 25. Nce5 Ne6 26. Bxd5 Qxd5 27. Qc4 Qxc4 28. Nxc4 b5 29. Nce5 Kg8 30. Nd7 Rfd8 31. Nxf6+ gxf6 32. d5 Nc5 33. Nh4 Ra7 34. Nf5 Rad7 35. Re3 1-0

[Event "*** Titled Tuesday Blitz"]
[Site "Chess.com"]
[Date "2020.03.03"]
[Round "1"]
[White "pedromartinez91"]
[Black "Quiet_Desperation"]
[Result "1-0"]
[WhiteElo "2562"]
[BlackElo "2062"]
[TimeControl "180+1"]
[EndTime "13:06:44 PST"]
[Termination "pedromartinez91 won by resignation"]

1. e4 e6 2. d4 d5 3. Nc3 Nf6 4. e5 Nfd7 5. f4 c5 6. Nf3 Nc6 7. Be3 Be7 8. Be2 O-O 9. O-O cxd4 10. Nxd4 Nxd4 11. Bxd4 f6 12. exf6 Nxf6 13. Bd3 Bd7 14.
Qe2 a6 15. Rae1 b5 16. f5 b4 17. fxe6 Bc6 18. Nd1 Ne4 19. Rxf8+ Bxf8 20. Nf2 a5 21. Qf3 Qe7 22. Nxe4 dxe4 23. Bxe4 Bxe4 24. Qxe4 Rd8 25.
c3 a4 26. Qc6 a3 27. bxa3 bxc3 28. Bxc3 Qxa3 29. e7 Bxe7 30. Qe6+ Kf8 31. Rf1+ Ke8 32.
Qf7+ Kd7 33. Rd1+ Kc8 34. Qc4+ Bc5+ 35. Bd4 Rxd4 36. Rxd4 Kb7 37. Kf1 Bxd4 38. Qxd4 Qc1+ 39. Ke2 Qc2+ 40. Kf3 Qxa2 41. Qxg7+ 1-0

[Event "*** Titled Tuesday Blitz"]
[Site "Chess.com"]
[Date "2020.03.03"]
[Round "1"]
[White "valeriocarnicelli"]
[Black "OparinGrigoriy"]
[Result "0-1"]
[WhiteElo "2516"]
[BlackElo "3023"]
[TimeControl "180+1"]
[EndTime "13:06:45 PST"]
[Termination "OparinGrigoriy won on time"]

1. e4 e5 2. Nf3 Nc6 3. Bc4 Nf6 4.
Ng5 d5 5. exd5 Na5 6. d3 Nxc4 7. dxc4 Bd6 8. Nc3 O-O 9. O-O Bf5 10. Re1 Bg6 11. a3 Qd7 12. b4 b6 13. Nge4 Nxe4 14. Nxe4 f5 15. Ng5 a5 16. c5 bxc5 17. bxc5 Bxc5 18.
Ne6 Bd6 19. Nxf8 Rxf8 20. Bb2 e4 21. Qd4 Re8 22. c4 f4 23. Rad1 f3 24. c5 Be5 25. Qc4 Qg4 26. d6+ Bf7 27. Qf1 Bxb2 28. dxc7 Bf6 29. h3 Qc8 30. gxf3 Qxc7 31. fxe4 Qxc5 32. Qg2 h6 33. Kh1 Qh5 34. f3 Be6 35. Kh2 Be5+ 36. Kg1 Bxh3 37. Qa2+ Kh8 38. Qe2 Re6 39.
Kf2 Bf4 40. Rg1 Qh4+ 0-1

[Event "*** Titled Tuesday Blitz"]
[Site "Chess.com"]
[Date "2020.03.03"]
[Round "1"]
[White "Sebastian"]
[Black "Mikhail_Golubev"]
[Result "1-0"]
[WhiteElo "3005"]
[BlackElo "2515"]
[TimeControl "180+1"]
[EndTime "13:06:45 PST"]
[Termination "Sebastian won by resignation"]

1. d4 Nf6 2. Nf3 d6 3. c4 g6 4. Nc3 Bg7 5. e4 O-O 6. Be2 e5 7. d5 Qe8 8. Bg5 Nh5 9. g3 f5 10. exf5 gxf5 11. Nh4 Nf6 12. Qc2 Na6 13. O-O Nc5 14.
Be3 Nce4 15. Nxe4 Nxe4 16. Bd3 Qh5 17. Nxf5 Bxf5 18. Bxe4 Bxe4 19. Qxe4 Rf3 20. c5 Raf8 21.
cxd6 cxd6 22. Rac1 Qh3 23. Rc7 R8f5 24. Rfc1 Bh6 25.
Rc8+ Kf7 26. R1c7+ Kf6 27. Qb4 Rxg3+ 28. hxg3 Bxe3 29.
Qxd6+ Kg5 30. Rg8+ 1-0

[Event "*** Titled Tuesday Blitz"]
[Site "Chess.com"]
[Date "2020.03.03"]
[Round "1"]
[White "goldenspine"]
[Black "Nesty_Javi_Chess"]
[Result "0-1"]
[WhiteElo "2351"]
[BlackElo "2702"]
[TimeControl "180+1"]
[EndTime "13:06:45 PST"]
[Termination "Nesty_Javi_Chess won by resignation"]

1. d4 Nf6 2. c4 g6 3. Nc3 Bg7 4.
e4 Kf8 5. Nf3 d6 6. Be2 h6 7.
O-O Kg8 8. e5 Ne8 9. Bf4 Kh7 10.
Qd2 Rf8 11. Rfe1 Nc6 12. Qe3 Bg4 13. h3 Bxf3 14. Bxf3 f6 15. exf6 Nxf6 16. Bxc6 bxc6 17. Qxe7 Nh5 18. Qxd8 Raxd8 19. Be3 Rb8 20. b3 Nf4 21.
Rad1 g5 22. Ne2 Nxe2+ 23. Rxe2 Rbe8 24. Kf1 Kg6 25. Bc1 Rxe2 26. Kxe2 Re8+ 27. Be3 h5 28.
Kd3 Rf8 29. f3 Re8 30. Rd2 a5 31. Re2 a4 32. Bd2 Rxe2 33. Kxe2 axb3 34. axb3 Bxd4 35. Kd3 Be5 36. Ke4 Kf6 37. f4 gxf4 38. Bxf4 Bc3 39. Be3 Ke6 40. Bd4 d5+ 41. Kd3 Bxd4 42. Kxd4 Kd6 43.
g4 c5+ 44. Kd3 d4 45. gxh5 Ke5 46. h6 Kf6 47. b4 cxb4 48. c5 b3 49. Kd2 Kg6 50.
Kc1 d3 51. Kd2 b2 0-1

[Event "*** Titled Tuesday Blitz"]
[Site "Chess.com"]
[Date "2020.03.03"]
[Round "1"]
[White "RaphCamora"]
[Black "denizozen"]
[Result "0-1"]
[WhiteElo "2443"]
[BlackElo "2836"]
[TimeControl "180+1"]
[EndTime "13:06:47 PST"]
[Termination "denizozen won by resignation"]

1. e4 c5 2. Nf3 d6 3. d4 cxd4 4. Nxd4 Nf6 5. Nc3 a6 6. Bg5 e6 7. f4 Qb6 8. Qd2 Qxb2 9. Rb1 Qa3 10. e5 h6 11. Bh4 dxe5 12. fxe5 Nfd7 13. Ne4 Qxa2 14.
Rd1 Qb2 15. Nd6+ Bxd6 16. exd6 O-O 17. Be7 Re8 18. Be2 Qa3 19. O-O Rxe7 20. dxe7 Qxe7 21. g4 Ne5 22. Qf4 Qg5 23. Qxg5 hxg5 24. Nf3 Nxf3+ 25.
Bxf3 Bd7 26. Bxb7 Ra7 27. Be4 a5 28. Rd6 Kf8 29. Rb1 Na6 30. Rd2 Ke7 31. c4 Nc5 32. Bc2 a4 33. Ra1 Rb7 34. Kf2 Rb4 35. Bd3 Rb2 36.
Rxb2 Nxd3+ 37. Ke3 Nxb2 38. Ra2 Nxc4+ 39. Kd4 Nd6 40.
Kc5 Ne4+ 41. Kd4 Nf6 42. h3 Nd5 43. Ke5 Nf4 44. h4 Ng6+ 0-1

[Event "*** Titled Tuesday Blitz"]
[Site "Chess.com"]
[Date "2020.03.03"]
[Round "1"]
[White "popov_m"]
[Black "Aleksandr_Kozak"]
[Result "1-0"]
[WhiteElo "2617"]
[BlackElo "2223"]
[TimeControl "180+1"]
[EndTime "13:06:48 PST"]
[Termination "popov_m won by resignation"]

1. e4 e5 2. d4 exd4 3. Qxd4 Nc6 4. Qe3 Nf6 5. Bd2 b6 6. Nc3 Bc5 7. Qg3 O-O 8. O-O-O Kh8 9. f4 d5 10. e5 Ne4 11. Nxe4 dxe4 12. Bc3 Qe7 13. Bb5 Nb4 14.
Bxb4 Bxb4 15. Bc6 Rb8 16. Bxe4 f6 17. Nf3 Be6 18. Kb1 f5 19. Bd3 Rbd8 20. Ng5 h6 21.
Nf3 Qf7 22. a3 Be7 23. h4 c5 24. Be2 c4 25. c3 Bc5 26. Ng5 Qe7 27. Nxe6 Qxe6 28. h5 b5 29. Qg6 Qxg6 30. hxg6 Be3 31. g3 Bf2 32. g4 fxg4 33. Rxd8 Rxd8 34. Bxg4 Bg3 35. Rf1 Rf8 36. e6 Re8 37. f5 Bh4 38. Rd1 Kg8 39. Rd7 Re7 40. Rd8+ 1-0

[Event "*** Titled Tuesday Blitz"]
[Site "Chess.com"]
[Date "2020.03.03"]
[Round "1"]
[White "moro182"]
[Black "enzovsky"]
[Result "1-0"]
[WhiteElo "2681"]
[BlackElo "2319"]
[TimeControl "180+1"]
[EndTime "13:06:49 PST"]
[Termination "moro182 won by resignation"]

1. d4 Nf6 2. c4 g6 3. g3 c6 4.
Bg2 d5 5. Qa4 Bg7 6. cxd5 Nxd5 7. Nf3 O-O 8. O-O Bg4 9. Rd1 Nd7 10. h3 Bxf3 11. Bxf3 N7b6 12. Qb3 Nc7 13. a4 Ne6 14. e3 Qd7 15. h4 h6 16. Nc3 Rad8 17. Bd2 g5 18. h5 Qc7 19. Bg4 Qd7 20. Bxe6 fxe6 21. Ne4 Qd5 22. Nc5 Qxb3 23. Nxb3 e5 24. a5 Nc4 25. Bc3 exd4 26. Nxd4 Bxd4 27. Bxd4 e5 28.
Bc3 e4 29. b3 Nd6 30. Bb4 Rf6 31.
Bc5 a6 32. Rd4 Nf7 33. Rxe4 Rd5 34. Re8+ Kg7 35. Bd4 Ne5 1-0

[Event "*** Titled Tuesday Blitz"]
[Site "Chess.com"]
[Date "2020.03.03"]
[Round "1"]
[White "WanderingPuppet"]
[Black "tigra"]
[Result "0-1"]
[WhiteElo "2406"]
[BlackElo "2764"]
[TimeControl "180+1"]
[EndTime "13:06:52 PST"]
[Termination "tigra won on time"]

1. e4 c5 2. Nf3 d6 3. d4 cxd4 4.
Nxd4 Nf6 5. Nc3 a6 6. Be3 e6 7. a3 Be7 8. g4 O-O 9. g5 Nfd7 10. h4 b5 11. Rg1 Bb7 12. h5 Nc6 13. Nxc6 Bxc6 14. g6 f5 15. exf5 exf5 16. gxh7+ Kh8 17. Nd5 Bxd5 18. Qxd5 Bf6 19. Qxd6 Bxb2 20. Rd1 Ne5 21.
Be2 Qh4 22. Bd4 Rae8 23. Kf1 Bxd4 24. Qxd4 Qh3+ 25. Rg2 f4 26. Bg4 Nxg4 0-1

[Event "*** Titled Tuesday Blitz"]
[Site "Chess.com"]
[Date "2020.03.03"]
[Round "1"]
[White "ronaldbrizuela"]
[Black "Nathan_Filgueiras"]
[Result "1-0"]
[WhiteElo "2627"]
[BlackElo "2250"]
[TimeControl "180+1"]
[EndTime "13:06:53 PST"]
[Termination "ronaldbrizuela won by resignation"]

1. d4 Nf6 2. c4 e6 3. Nc3 Bb4 4. e3 O-O 5. Ne2 c6 6. a3 Ba5 7. b4 Bc7 8. e4 d5 9. e5 Nfd7 10. Nf4 dxc4 11. Bxc4 Nb6 12. Bd3 Nd5 13. Ncxd5 exd5 14.
O-O Nd7 15. Bc2 Re8 16. Qd3 Nf8 17. Re1 g6 18. Bd2 Bf5 19. Qc3 Bxc2 20. Qxc2 Ne6 21.
Nxe6 fxe6 22. Be3 Qe7 23. Qd2 a5 24. Bg5 Qf8 25. b5 cxb5 26. Rab1 Qxa3 27. Rxb5 b6 28. h4 a4 29. h5 Qf8 30. Ra1 a3 31. hxg6 hxg6 32.
Rb3 Qf5 33. Rf3 Qe4 34. Rf4 Qxf4 35. Qxf4 Ra4 36. Bf6 Bd8 37. Qh6 Bxf6 38. Qxg6+ Bg7 39.
Qxe8+ 1-0

[Event "*** Titled Tuesday Blitz"]
[Site "Chess.com"]
[Date "2020.03.03"]
[Round "1"]
[White "SahajGrover"]
[Black "ZEN-22"]
[Result "1-0"]
[WhiteElo "2725"]
[BlackElo "2372"]
[TimeControl "180+1"]
[EndTime "13:06:54 PST"]
[Termination "SahajGrover won by resignation"]

1. e4 e6 2. d4 c5 3. d5 a6 4.
a4 Ne7 5. Nc3 d6 6. Bc4 exd5 7.
Nxd5 Nxd5 8. Qxd5 Qc7 9. Nf3 Nc6 10. Qd2 Be7 11. O-O Be6 12. Qe2 Bg4 13. Bf4 Nd4 14. Qd3 Nxf3+ 15. gxf3 Bh3 16. Rfd1 Rd8 17. Kh1 O-O 18.
Rg1 Bf6 19. Rg3 Be6 20. Rag1 g6 21. Bd5 Be5 22. Bxe5 dxe5 23. c4 Kg7 24. Qe3 f6 25. h4 Kh8 26. Qh6 Bxd5 27. Rxg6 Bg8 28. Rxg8+ Rxg8 29. Qxf6+ Rg7 30. Rxg7 Qxg7 31. Qxd8+ Qg8 32. Qf6+ Qg7 33.
Qd8+ Qg8 34. Qxg8+ Kxg8 35. Kg2 Kg7 36. Kg3 Kg6 37.
f4 Kf6 38. Kf3 h5 39. fxe5+ Kxe5 40. Ke3 Ke6 41. f4 Kf6 42. e5+ Kf5 43. Kf3 b6 44. b3 a5 45. Ke3 Kg4 46. e6 1-0

[Event "*** Titled Tuesday Blitz"]
[Site "Chess.com"]
[Date "2020.03.03"]
[Round "1"]
[White "black_pawn_16"]
[Black "malandragem"]
[Result "0-1"]
[WhiteElo "2172"]
[BlackElo "2592"]
[TimeControl "180+1"]
[EndTime "13:06:56 PST"]
[Termination "malandragem won by resignation"]

1. e4 e5 2. Nf3 Nc6 3. Bb5 Nge7 4. O-O g6 5. d4 exd4 6. Nxd4 Bg7 7. Nxc6 bxc6 8. Bd3 O-O 9. Nc3 d5 10. Qf3 Be6 11.
Bg5 Rb8 12. Rab1 f6 13. Bh4 Qd7 14. h3 f5 15. exd5 cxd5 16. Rfe1 Nc6 17. Bf1 f4 18.
Rbd1 Ne5 19. Rxe5 Bxe5 20. Nxd5 Qg7 21. Ne7+ Kh8 22. Nc6 g5 23. Nxb8 Rxb8 24. Re1 Bf7 25. Bxg5 Qxg5 26. b3 Rd8 27. Qe4 Bd6 28. c4 Qg7 29.
Qc6 Bg6 30. c5 Qc3 31. Rd1 Re8 32. cxd6 Qxc6 0-1

[Event "*** Titled Tuesday Blitz"]
[Site "Chess.com"]
[Date "2020.03.03"]
[Round "1"]
[White "ElGasanov"]
[Black "VeraNebolsina"]
[Result "1-0"]
[WhiteElo "2713"]
[BlackElo "2368"]
[TimeControl "180+1"]
[EndTime "13:06:57 PST"]
[Termination "ElGasanov won on time"]

1. c4 Nf6 2. Nc3 g6 3. e4 Bg7 4. e5 Ng8 5. d4 d6 6. exd6 cxd6 7. Be3 Nh6 8. Nf3 Nf5 9. Bf4 Nc6 10. d5 Ncd4 11.
Nxd4 Nxd4 12. Bd3 Bf5 13. O-O Qd7 14. Re1 O-O 15. Rc1 Rac8 16. Be3 Bxd3 17. Qxd3 Nf5 18. Bxa7 Bxc3 19. Rxc3 b5 20. Be3 Nxe3 21. Qxe3 bxc4 22. Qh6 e5 23. dxe6 fxe6 24. Qh3 Rf6 25. Rce3 Qf7 26. Rxe6 Rxf2 27. Rxg6+ hxg6 28. Qxc8+ Kg7 29. Qg4 Rf4 30. Qe2 Qa7+ 31. Kh1 Qd4 32. h3 Rf7 33. Rd1 Qe5 34.
Qxc4 Qh5 35. Qd4+ Kh7 36. Qxd6 Re7 37. Qxe7+ 1-0

[Event "*** Titled Tuesday Blitz"]
[Site "Chess.com"]
[Date "2020.03.03"]
[Round "1"]
[White "NMZanette"]
[Black "Rodalquilar"]
[Result "1-0"]
[WhiteElo "2265"]
[BlackElo "2577"]
[TimeControl "180+1"]
[EndTime "13:06:58 PST"]
[Termination "NMZanette won by checkmate"]

1. e4 e5 2. Nf3 Nc6 3. Bb5 a6 4. Ba4 Nf6 5. d3 d6 6. O-O g6 7. c3 Bg7 8. Re1 O-O 9. h3 Bd7 10. d4 Qe8 11. Bc2 Kh8 12. Nbd2 Nh5 13. Nf1 Rd8 14.
Ne3 Bc8 15. Nd5 Rd7 16. a4 Ne7 17. Nxe7 Rxe7 18. Bg5 f6 19. Be3 f5 20. Bg5 Rd7 21. exf5 gxf5 22. dxe5 dxe5 23. Qe2 Qg6 24. Bc1 e4 25. Nh4 Qf7 26. g3 Rd6 27. Ng2 Be5 28.
Be3 Be6 29. Bc5 Qg7 30. Qxh5 Rd2 31. Bxf8 Qxf8 32. Re2 Rd6 33. Rd1 Bc4 34. Red2 Qf6 35. Qe8+ Kg7 36. Rxd6 cxd6 37. Qd7+ Kh6 38. Ne3 Be6 39.
Qxb7 f4 40. Ng4+ Bxg4 41. Qxe4 fxg3 42. Qxh7+ Kg5 43. h4+ Kf4 44. Qe4# 1-0